AoeStats
← SlightlySaltedCamelCrisps

Fortress

508270122Analyzed
3v3 RM · 12d ago on Sep 21, 2026· 54m 14s· 6 players
Game mode
Random Map
Map size
Large (8 player)
Population
200
Speed
Normal
Resources
Standard
Victory
Conquest
Starting age
Dark Age
Ending age
Imperial Age
RankedLock teamsTeams togetherTeam positionsShared explorationLock speedFull tech treeHidden civsTurbo modeCheats
Victory
Defeat
🇩🇪 Chinese · Germany
1271
+12
1180
+16
🇩🇪 Vietnamese · Germany
1179
+16
🇨🇦 Spanish · Canada
1217
-16
🇨🇦 Slavs · Canada
1195
-15
🇵🇪 Khitans · Peru
1139
-13
elsuum_93
8:20 Feudal Age
9:18 Double-Bit Axe
12:18 Castle Age
10:05 Horse Collar
13:26 Bow Saw
14:13 Wheelbarrow
13:23 Town Watch
14:51 Loom
18:04 Hand Cart
25:13 Imperial Age
23:27 Bloodlines
23:17 Husbandry
23:26 Scale Barding Armor
25:37 Chain Barding Armor
25:28 Forging
25:13 Gold Mining
25:31 Cavalier
26:53 Plate Barding Armor
29:15 Paladin
30:42 Iron Casting
33:37 Blast Furnace
40:33 Scale Mail Armor
40:38 Squires
40:05 Pikeman
41:48 Halberdier
42:44 Chain Mail Armor
42:05 Light Cavalry
43:50 Fletching
51:06 Padded Archer Armor
51:02 Bodkin Arrow
victor002
7:43 Feudal Age
11:54 Castle Age
9:54 Horse Collar
11:04 Double-Bit Axe
14:09 Heavy Plow
14:21 Bow Saw
14:26 Loom
17:15 Squires
16:36 Pikeman
17:32 Forging
17:23 Scale Mail Armor
23:50 Imperial Age
24:12 Halberdier
25:36 Wheelbarrow
24:49 Town Watch
25:13 Gold Mining
25:36 Fortified Wall
26:07 Conscription
27:18 Chemistry
26:12 Fletching
28:07 Iron Casting
27:47 Chain Mail Armor
27:28 Bodkin Arrow
31:08 Two-Man Saw
29:39 Man-at-Arms
30:52 Plate Mail Armor
31:22 Blast Furnace
30:53 Ballistics
31:01 Hand Cart
30:53 Capped Ram
31:20 Heavy Scorpion
33:08 Crop Rotation
35:12 Long Swordsman
38:05 Two-Handed Swordsman
39:55 Caravan
40:03 Elite Skirmisher
40:51 Siege Ram
44:17 Padded Archer Armor
48:51 Champion
jona_vte_94
0:40 Loom
7:21 Feudal Age
11:58 Castle Age
10:51 Double-Bit Axe
10:47 Domestication
12:25 Scale Mail Armor
12:36 Forging
14:36 Squires
18:07 Wheelbarrow
18:23 Gold Mining
21:50 Town Watch
22:55 Chain Mail Armor
24:18 Iron Casting
23:59 Hand Cart
25:52 Fletching
29:56 Bow Saw
29:48 Arson
29:50 Gambesons
33:45 Imperial Age
31:52 Scale Barding Armor
33:57 Elite Fire Lancer
35:27 Plate Mail Armor
35:06 Lamellar Armor
35:22 Conscription
35:07 Capped Ram
37:34 Bodkin Arrow
37:28 Elite Liao Dao
37:32 Siege Ram
42:32 Pikeman
45:44 Bracer
47:34 Padded Archer Armor
48:55 Light Cavalry
49:22 Heavy Rocket Cart
jimima
7:35 Feudal Age
11:28 Castle Age
9:42 Double-Bit Axe
9:40 Horse Collar
10:02 Fletching
12:28 Bow Saw
12:22 Heavy Plow
13:48 Gold Mining
14:03 Stone Mining
14:50 Bodkin Arrow
16:19 Loom
22:08 Ballistics
24:41 Wheelbarrow
28:25 Imperial Age
26:17 Hand Cart
25:48 Town Watch
26:08 Padded Archer Armor
26:25 Fortified Wall
27:48 Leather Archer Armor
29:33 Paper Money
29:58 Hoardings
29:31 Bracer
30:02 Ring Archer Armor
30:38 Chemistry
31:32 Two-Man Saw
31:06 Crop Rotation
30:47 Elite Rattan Archer
31:39 Thumb Ring
31:47 Murder Holes
33:09 Stone Shaft Mining
45:58 Scale Barding Armor
46:04 Forging
46:58 Husbandry
47:11 Bloodlines
46:27 Light Cavalry
47:59 Caravan
48:47 Chain Barding Armor
49:04 Iron Casting
50:30 Plate Barding Armor
SlightlySaltedCamelCrisps
7:19 Feudal Age
10:51 Castle Age
9:00 Horse Collar
9:36 Double-Bit Axe
10:56 Bloodlines
12:55 Loom
14:59 Bow Saw
16:47 Heavy Plow
17:35 Wheelbarrow
17:31 Town Watch
19:42 Hand Cart
19:33 Gold Mining
20:19 Husbandry
22:58 Gold Shaft Mining
22:14 Stone Mining
27:07 Imperial Age
26:57 Scale Barding Armor
27:04 Forging
26:46 Cavalier
27:57 Conscription
29:08 Chain Barding Armor
29:25 Iron Casting
29:15 Savar
30:47 Plate Barding Armor
31:18 Blast Furnace
31:55 Fletching
33:57 Light Cavalry
35:29 Citadels
35:19 Bodkin Arrow
35:39 Masonry
38:37 Ballistics
39:18 Chemistry
38:02 Hussar
40:22 Hoardings
39:21 Elite War Elephant
41:16 Caravan
43:48 Architecture
50:30 Murder Holes
eastemnet
0:51 Loom
7:07 Feudal Age
11:01 Castle Age
9:05 Horse Collar
9:37 Double-Bit Axe
12:12 Bow Saw
12:34 Heavy Plow
17:37 Fervor
17:18 Town Watch
18:58 Wheelbarrow
19:24 Gold Mining
21:25 Hand Cart
22:51 Stone Mining
26:32 Imperial Age
24:14 Fletching
24:26 Padded Archer Armor
25:20 Bodkin Arrow
27:11 Leather Archer Armor
27:25 Bracer
28:05 Conscription
28:23 Ballistics
29:04 Chemistry
29:26 Leather Archer Armor
30:09 Fortified Wall
30:10 Masonry
31:32 Ring Archer Armor
32:27 Great Wall
32:31 Murder Holes
32:26 Guard Tower
33:41 Scale Mail Armor
33:51 Forging
35:15 Chain Mail Armor
36:43 Plate Mail Armor
36:49 Iron Casting
36:18 Squires
35:39 Pikeman
38:09 Keep
37:19 Arrowslits
38:05 Architecture
37:07 Halberdier
37:33 Arson
41:54 Blast Furnace
41:47 Caravan
42:07 Elite Chu Ko Nu
45:15 Elite Fire Lancer
46:52 Man-at-Arms
49:12 Rocketry
48:17 Long Swordsman
48:49 Two-Handed Swordsman
49:32 Champion
54:30 Scale Barding Armor
54:27 Atonement
54:48 Sanctity
54:28 Devotion
54:54 Illumination
54:44 Block Printing
54:25 Herbal Medicine
55:06 Theocracy
55:04 Coinage
54:06 Sappers
55:22 Stone Shaft Mining
55:23 Gold Shaft Mining
Connection lost

Rejoining the realm…

Still unreachable

The connection could not be restored.

Session expired

The server has moved on; the page needs a fresh start.